 Dungeon Crawl Stone Soup version 0.31.0-9-g3a7656b989 (webtiles) character file.

Game seed: 4196811542125619528

114 Marvel the Cudgeller (level 4, -2/67 HPs)
             Began as a Troll Berserker on Feb 6, 2024.
             Was a Believer of Trog.
             Slain by a gnoll
             ... wielding a +0 spear
              (7 damage)
             ... on level 2 of the Dungeon.
             The game lasted 00:01:11 (775 turns).

Marvel the Cudgeller (Troll Berserker)               Turns: 775, Time: 00:01:12

Health: -2/67      AC:  4    Str: 27    XL:     4   Next: 67%
Magic:  3/3        EV: 10    Int:  3    God:    Trog [**....]
Gold:   22         SH:  0    Dex:  9    Spells: 3/3 levels left

rFire   . . .        a - +0 mace
rCold   . . .        (no shield)
rNeg    . . .        b - +0 animal skin
rPois   .            (helmet restricted)
rElec   .            (no cloak)
rCorr   .            (gloves unavailable)
SInv    .            (boots unavailable)
Will    .....        (no amulet) Stlth
                     (no ring)
HPRegen 1.11/turn    (no ring)
MPRegen 0.08/turn

%: no passive effects
@: berserking (expiring), very quick
A: large, unfitting armour, claws 3, regeneration 1, shaggy fur 1, tough skin 1
a: Renounce Religion, Berserk, Trog's Hand


You were on level 2 of the Dungeon.
You worshipped Trog.
Trog was pleased with you.
You visited 1 branch of the dungeon, and saw 2 of its levels.

You collected 22 gold pieces.

Inventory:

Hand Weapons
 a - a +0 mace (weapon)
Missiles
 k - a throwing net (quivered)
Armour
 b - a +0 animal skin (worn)
Scrolls
 c - a scroll of immolation {unknown}
 d - a scroll of identify {unknown}
 e - 2 scrolls of teleportation {unknown}
 g - a scroll of blinking {unknown}
 h - a scroll of amnesia {unknown}
Potions
 f - a potion of heal wounds {unknown}
 i - a potion of lignification {unknown}
 j - a potion of might {unknown}


   Skills:
 + Level 3.0 Fighting
 + Level 3.8 Maces & Flails
 + Level 3.2 Dodging
 + Level 0.1 Stealth


You had 3 spell levels left.
You didn't know any spells.
Your spell library was empty.

Dungeon Overview and Level Annotations

Branches:
Dungeon (2/15)

Altars:


Innate Abilities, Weirdness & Mutations

You are too large for most types of armour.
You have claws for hands.
Your natural rate of healing is unusually fast.
You are covered in fur. (AC +1)
You have tough skin. (AC +1)


Message History

You are too injured to fight recklessly!
You are too injured to fight recklessly!
You are too injured to fight recklessly!
You are too injured to fight recklessly!
You are too injured to fight recklessly!
You are too injured to fight recklessly!
You are too injured to fight recklessly!
You are too injured to fight recklessly!
You are too injured to fight recklessly!
You are too injured to fight recklessly!
A red film seems to cover your vision as you go berserk!
You feel yourself moving faster!
You feel mighty! The gnoll barely misses you.
The gnoll hits you with a +0 club.
* * * LOW HITPOINT WARNING * * *
The gnoll hits you from afar with a +0 halberd.
* * * LOW HITPOINT WARNING * * *
You feel a strong urge to attack something.
The gnoll closely misses you. The gnoll completely misses you.
The gnoll misses you.
You sock the gnoll!
The gnoll is almost dead.
The gnoll hits you with a +0 club.
* * * LOW HITPOINT WARNING * * *
The gnoll barely misses you. The gnoll hits you with a +0 halberd!
* * * LOW HITPOINT WARNING * * *
You barely miss the gnoll.
The gnoll is almost dead.
The gnoll barely misses you. x2; The gnoll closely misses you.
You bludgeon the gnoll!!
You kill the gnoll!
Trog accepts your kill.
A ball python comes into view.
Your Fighting skill increases to level 3!
The ball python hisses angrily.
You hit the gnoll.
The gnoll is lightly wounded.
The gnoll hits you with a +0 club.
* * * LOW HITPOINT WARNING * * *
The gnoll hits you with a +0 spear!
You die...

##. #.#.# S.#
#...#.#.####..#
....#...#......
. .............#
. ...........
....... #. #g).#
#
#...###.@.#####
#
#.......g.......
.
#######...##...#
#...# ... #.).#
. ######...#
.........####
.........##.#
.......†###.###
##


You could see 2 gnolls and a ball python.

Vanquished Creatures
  A hound (D:2)
  An adder (D:2)
  2 gnolls (D:2)
  A ribbon worm (D:2)
  6 ball pythons (D:1)
  4 endoplasms (D:1)
  A giant cockroach (D:1)
  5 goblins
  7 hobgoblins
  7 jackals (D:1)
  2 quokkas (D:1)
  3 frilled lizards
  5 kobolds
  3 rats
48 creatures vanquished.

Notes
Turn   | Place    | Note
-------+----------+-------------------------------------------
     0 | D:1      | Marvel the Troll Berserker began the quest for the Orb.
     0 | D:1      | Reached XP level 1. HP: 22/22 MP: 0/0
    72 | D:1      | Reached XP level 2. HP: 25/29 MP: 1/1
   265 | D:1      | Reached XP level 3. HP: 34/36 MP: 2/2
   285 | D:1      | Reached ** piety under Trog
   610 | D:2      | Reached XP level 4. HP: 37/44 MP: 3/3
   775 | D:2      | Slain by a gnoll

Illustrated notes

Levels and vault maps discovered:
D:1:      dpeg_arrival_tiny_f, layout_rooms, glass_columns_a,
          chequers_serial_rivers_micro_b, hangedman_decor_growths,
          chequers_garden, serial_bayou_pond_a, grunt_decor_resistance,
          minmay_misc_feat_five
D:2:      layout_basic, serial_corexii_hall, corexii_hall_statues_u,
          chequers_hall_statues_y

Skill      XL: |  1  2  3  4 |
---------------+-------------+-----
Maces & Flails | 3 |  3.8
Dodging        | 3 |  3.2
Fighting       | 3 |  3.0
Stealth        | |  0.1

Action                     |  1- 3 |  4- 6 || total
---------------------------+-------+-------++-------
  Melee: Mace              |   113 |    44 ||   157
 Invoke: Berserk           |       |     1 ||     1
 Armour: Animal skin       |   126 |    45 ||   171
  Dodge: Dodged            |   105 |    38 ||   143
